 Dungeon Crawl Stone Soup version 0.24.0-37-gcf1ca852f1 (webtiles) character file.

Game seed: 9964584124710157010, levelgen mode: deterministic

79167 mortelune the Thaumaturge (level 15, -1/115 HPs)
             Began as a Gnoll Fire Elementalist on Dec 7, 2019.
             Was a High Priest of Ashenzari.
             Slain by Donald
             ... wielding a +2 eveningstar of crushing
              (8 damage)
             ... on level 2 of the Orcish Mines on Dec 8, 2019.
             The game lasted 01:49:05 (42427 turns).

mortelune the Thaumaturge (GnFE)                   Turns: 42427, Time: 01:49:06

Health: -1/115     AC: 13    Str: 13    XL:     15   Next: 62%
Magic:  5/30       EV: 20    Int: 20    God:    Ashenzari [*****.]
Gold:   2492       SH:  7    Dex: 17    Spells: 5/36 levels left

rFire    . . .     SeeInvis +   j - +3 scimitar (flame)
rCold    + . .     Gourm    .   N - +0 buckler
rNeg     . . .     Faith    .   O - +2 robe {MR+}
rPois    +         Spirit   .   k - +0 helmet
rElec    .         Reflect  .   v - +2 cloak (curse)
rCorr    .         Harm     .   V - +1 pair of gloves
MR       ++...     Clarity  +   l - +0 pair of boots
Stlth    +++++.....             H - amulet of the acrobat (curse)
HPRegen  0.29/turn              M - ring of poison resistance (curse)
MPRegen  0.22/turn              g - ring of Departure {rC+ SInv}

@: lightly drained
A: distributed training, fangs 1, strong nose
a: Curse Item, Scrying, Renounce Religion


You were on level 2 of the Orcish Mines.
You worshipped Ashenzari.
Ashenzari was extremely pleased with you.
You were hungry.

You visited 3 branches of the dungeon, and saw 21 of its levels.
You also visited: Sewer and Ice Cave.

You collected 2492 gold pieces.

Inventory:

Hand Weapons
 j - a +3 scimitar of flaming (weapon)
 D - a +4 halberd
 G - the cursed +2 mace "Usiqa" {holy, Dex+4}
   (You found it on level 9 of the Dungeon)

   It has been blessed by the Shining One to cause great damage to the undead
   and demons.
   It affects your dexterity (+4).
   It has a curse placed upon it.
Armour
 a - a +0 robe
 k - a +0 helmet (worn)
 l - a +0 pair of boots (worn)
 r - +0 ice dragon scales
 u - a +4 ring mail of fire resistance
 v - a cursed +2 cloak (worn)
 N - a +0 buckler (worn)
 O - a +2 robe of magic resistance (worn)
 V - a +1 pair of gloves (worn)
Jewellery
 g - the ring of Departure (right hand) {rC+ SInv}
   (You found it in an ice cave)

   [ring of protection from cold]

   It protects you from cold.
   It lets you see invisible.
 o - an uncursed ring of flight
 F - a +3 ring of dexterity
 H - a cursed amulet of the acrobat (around neck)
 M - a cursed ring of poison resistance (left hand)
Wands
 q - a wand of acid (6)
 y - a wand of digging (11)
 C - a wand of paralysis (6)
 P - a wand of enslavement (20)
 Q - a wand of polymorph (16)
 T - a wand of scattershot (7)
Scrolls
 b - a scroll of fog
 e - a scroll of holy word
 f - 3 scrolls of magic mapping
 h - 8 scrolls of teleportation
 t - 8 scrolls of enchant weapon
 w - 4 scrolls of blinking
 x - 3 scrolls of amnesia
 E - a scroll of enchant armour
 I - a scroll of noise
 J - 3 scrolls of fear
 K - 6 scrolls of remove curse
 S - a scroll of immolation
 W - a scroll of silence
 Y - 3 scrolls of identify
Potions
 d - a potion of magic
 i - 11 potions of curing
 m - a potion of might
 n - 2 potions of agility
 p - 2 potions of mutation
 s - 8 potions of haste
 z - 3 potions of heal wounds
 A - 4 potions of brilliance
 B - 6 potions of flight
 L - a potion of berserk rage
 R - 3 potions of cancellation
 U - 2 potions of resistance
Comestibles
 c - 25 rations
 X - 2 chunks of flesh


   Skills:
 + Level 10.0(9.8) Fighting
 + Level 10.0(9.8) Short Blades
 + Level 10.0(9.8) Long Blades
 + Level 10.0(9.8) Axes
 + Level 10.0(9.8) Maces & Flails
 + Level 10.0(9.8) Polearms
 + Level 10.0(9.8) Staves
 + Level 10.0(9.8) Slings
 + Level 10.0(9.8) Bows
 + Level 10.0(9.8) Crossbows
 + Level 10.0(9.8) Throwing
 + Level 10.0(9.8) Armour
 + Level 11.0(10.7) Dodging
 + Level 10.8(10.5) Stealth
 + Level 10.0(9.8) Shields
 + Level 10.0(9.8) Unarmed Combat
 + Level 11.1(10.8) Spellcasting
 + Level 8.7(11.1) Conjurations
 + Level 8.4(10.8) Hexes
 + Level 8.4(10.8) Charms
 + Level 8.4(10.8) Summonings
 + Level 8.4(10.8) Necromancy
 + Level 8.4(10.8) Translocations
 + Level 8.4(10.8) Transmutations
 + Level 10.1(12.2) Fire Magic
 + Level 8.4(10.8) Ice Magic
 + Level 8.4(10.8) Air Magic
 + Level 8.4(10.8) Earth Magic
 + Level 8.4(10.8) Poison Magic
 + Level 10.8(10.6) Invocations
 + Level 10.0(12.2) Evocations


You had 5 spell levels left.
You knew the following spells:

 Your Spells              Type           Power        Failure   Level  Hunger
a - Flame Tongue          Conj/Fire      #####        1%          1    None
b - Throw Flame           Conj/Fire      ######       1%          2    None
c - Conjure Flame         Conj/Fire      ######..     1%          3    None
d - Sticky Flame          Conj/Fire      ######..     1%          4    ##.....
e - Summon Lightning Spi  Summ/Air       ######..     1%          4    ##.....
f - Fireball              Conj/Fire      ######....   1%          5    ####...
g - Freezing Cloud        Conj/Ice/Air   ######....   11%         6    ######.
w - Iron Shot             Conj/Erth      ######....   11%         6    ######.

Your spell library contained the following spells:

 Spells                   Type           Power        Failure   Level  Hunger
 Animate Skeleton         Necr           N/A          1%          1    None
 Apportation              Tloc           ######       1%          1    None
 Confusing Touch          Hex            ######       1%          1    None
 Magic Dart               Conj           ####         1%          1    None
 Sting                    Conj/Pois      ####         1%          1    None
 Summon Butterflies       Summ           ######..     1%          1    None
 Summon Small Mammal      Summ           ####         1%          1    None
 Call Imp                 Summ           ######..     1%          2    None
 Poisonous Vapours        Pois/Air       ######       1%          2    None
 Searing Ray              Conj           ######       1%          2    None
 Call Canine Familiar     Summ           ######..     1%          3    None
 Dazzling Spray           Conj/Hex       ######       1%          3    None
 Inner Flame              Hex/Fire       ######..     1%          3    None
 Lesser Beckoning         Tloc           ######....   1%          3    None
 Mephitic Cloud           Conj/Pois/Air  ######..     1%          3    None
 Summon Guardian Golem    Hex/Summ       ######..     1%          3    None
 Tukima's Dance           Hex            ######..     1%          3    None
 Force Lance              Conj/Tloc      ######..     1%          4    ##.....
 Fulminant Prism          Conj/Hex       ######....   1%          4    ##.....
 Ice Form                 Ice/Tmut       ######..     1%          4    ##.....
 Iskenderun's Mystic Bla  Conj           ######..     1%          4    ##.....
 Olgreb's Toxic Radiance  Pois           ######..     1%          4    ##.....
 Summon Ice Beast         Ice/Summ       ######..     1%          4    ##.....
 Alistair's Intoxication  Tmut/Pois      ######..     1%          5    ####...
 Bolt of Magma            Conj/Fire/Erth ######....   1%          5    ####...
 Iskenderun's Battlesphe  Conj/Chrm      ######..     1%          5    ####...
 Metabolic Englaciation   Hex/Ice        ######....   1%          5    ####...
 Venom Bolt               Conj/Pois      ######....   1%          5    ####...
 Bolt of Cold             Conj/Ice       ######....   11%         6    ######.
 Invisibility             Hex            ######..     12%         6    ######.
 Ozocubu's Refrigeration  Ice            ######....   12%         6    ######.
 Simulacrum               Ice/Necr       ######....   12%         6    ######.
 Orb of Destruction       Conj           ######....   50%         7    #######
 Spellforged Servitor     Conj/Summ      ######....   52%         7    #######


Dungeon Overview and Level Annotations

Branches:
Dungeon (13/15)            Temple (0/1) D:5            Lair (6/6) D:11
 Shoals (0/4) Lair:2       Spider (0/4) Lair:4        Slime (0/5) Lair:6
    Orc (2/2) D:9           Sewer (visited)           IceCv (visited)
    Elf: Orc:2       Vaults: D:13-14

Altars:
Ashenzari
Dithmenos
Elyvilon
Hepliaklqana
Nemelex Xobeh
Qazlal
Ru
Sif Muna
Trog
Xom
The Shining One
Beogh

Annotations:
D:8 1 runed translucent door, Iamsoldier's ghost, novice GnSk
Orc:2 Donald


Innate Abilities, Weirdness & Mutations

Your experience applies equally to all skills.
You have very sharp teeth.
Your uncanny sense of smell can sniff out nearby items.


Message History

Casting: Flame Tongue (safe; 1% risk of failure)
Confirm with . or Enter, or press ? or * to list all spells.
Aiming: Flame Tongue (safe; 1% risk of failure)
Press: ? - help, Shift-Dir - straight line, f/p - Donald
Aim: Donald, wielding a +2 eveningstar of crushing, wearing a +3 plate armour of cold resistance and wearing a +0 shield (almost dead, fast, unusually strong)
The flame tongue hits Donald but does no damage.
Donald is almost dead.
Donald says, "What does a god have to do to get cursed, anyway?"
Donald hits you with a +2 eveningstar of crushing!!
* * * LOW HITPOINT WARNING * * *
x2
Casting: Flame Tongue (safe; 1% risk of failure)
Confirm with . or Enter, or press ? or * to list all spells.
Aiming: Flame Tongue (safe; 1% risk of failure)
Press: ? - help, Shift-Dir - straight line, f/p - Donald
Aim: Donald, wielding a +2 eveningstar of crushing, wearing a +3 plate armour of cold resistance and wearing a +0 shield (almost dead, fast, unusually strong) Donald blocks the flame tongue.
Donald hits you with a +2 eveningstar of crushing!
* * * LOW HITPOINT WARNING * * *
x2 Donald hits you with a +2 eveningstar of crushing!
You die...

##........###..[...##
###..........###)#.)).########.##
#........)...).)).)[.[))).......,
..)..).......).....[......).....,
...))######..#######o###[###..##*
..)..# ,, #..# #)# #.# ..#,
....)# , ,#.§#######)###.###..#
.....#{{ #§.§.@○8.).[........#{
.....#* *#..###@###.[....)...##'
.oo..o...)...# #.# #..)...⌠......
,,###'###.# #.# #{..÷).....##' ,
,, .. , #.#*#.# #.###'###..# ,
,,,#., #.. ......# ..). ..# ,, ,
# , , #.#*#.###.#.....#..# , *∩ ,
#.# #.# #.#.._..#,.# * * #.# #.#
#.#######,.# * , , , , ,,, , , ,
,


You could see Donald and a friendly lightning spire.

Vanquished Creatures
  Kirke (D:12)
  Nessos (Lair:6)
  Josephine (Lair:4)
  Harold (D:10)
  An ice dragon (Lair:4)
  2 hydras
  A centaur warrior (D:10)
  An alligator (Lair:6)
  An anaconda (Lair:6)
  A two-headed ogre (D:12)
  3 orc high priests
  5 death yaks (D:11)
  Sonja (Lair:2)
  7 skeletal warriors (D:13)
  An unseen horror (D:11)
  2 lindwurms (Lair:6)
  10 orc sorcerers
  4 ugly things
  An oklob plant (Lair:4)
  2 cyclopes
  5 black mambas
  2 elephants
  4 torpor snails (Lair:6)
  Psyche (D:9)
  2 gargoyles
  7 spiny frogs
  3 ice statues (IceCv)
  An efreet (D:13)
  11 komodo dragons
  2 rime drakes
  7 hornets
  3 tyrant leeches (Lair:6)
  A troll (D:10)
  10 polar bears
  Prince Ribbit (D:5)
  2 merfolk
  A raiju (Lair:6)
  Grinder (Sewer)
  2 slime creatures (D:12)
  11 hippogriffs
  5 dream sheep (Lair:6)
  12 blink frogs
  Sigmund (D:6)
  31 yaks
  2 wyverns
  Eustachio (D:5)
  2 basilisks
  11 wargs
  16 water moccasins
  9 hell hounds (Lair:6)
  16 orc warriors
  11 porcupines
  4 sky beasts
  4 ice beasts
  12 black bears
  A necrophage (D:9)
  8 ogres
  16 wolves
  2 phantoms
  8 centaurs
  10 crocodiles
  A big kobold (Sewer)
  15 bullfrogs
  A wyvern zombie (D:8)
  A water moccasin zombie (D:11)
  4 scorpions
  A water moccasin skeleton (D:7)
  6 killer bees
  2 electric eels
  3 wights (D:6)
  2 vampire bats (Lair:5)
  14 jellies
  4 howler monkeys
  2 bullfrog zombies
  2 crimson imps
  3 quasits
  7 hounds
  9 orc priests
  37 orc wizards
  A bullfrog skeleton (D:5)
  6 centaur skeletons
  4 iguanas
  22 worker ants
  Natasha (twice) (D:3)
  A big kobold zombie (Sewer)
  A hound zombie (D:6)
  A howler monkey zombie (D:8)
  4 worker ant zombies
  Robin (D:3)
  12 adders
  7 gnolls
  A river rat (D:4)
  7 shadow imps
  An ufetubus (Sewer)
  6 oozes
  3 adder zombies
  8 worms
  A dart slug (D:2)
  8 leopard geckos
  79 orcs
  15 bats
  A bat zombie (Sewer)
  5 giant cockroaches
  13 goblins
  7 hobgoblins
  14 jackals
  22 kobolds
  2 ball pythons (D:3)
  4 frilled lizards
  3 kobold zombies (Sewer)
  2 quokka skeletons (D:5)
  5 rats
  A bush (Lair:4)
  A fungus (Lair:3)
  8 plants
699 creatures vanquished.

Vanquished Creatures (collateral kills)
  A hydra (Lair:1)
  An ice dragon (Lair:6)
  A catoblepas (D:13)
  Erica (D:9)
  A death yak (D:10)
  Urug (Lair:6)
  A lindwurm (Lair:6)
  An ugly thing (IceCv)
  A cyclops (D:11)
  An oklob plant (Lair:2)
  3 elephants
  A torpor snail (Lair:6)
  A spiny frog (Lair:1)
  A polar bear (Lair:6)
  A troll (D:9)
  2 hornets (Lair:6)
  4 slime creatures (D:12)
  A dream sheep (Lair:6)
  7 blink frogs
  4 wraiths (Lair:4)
  7 yaks
  7 hell hounds (Lair:6)
  4 ice beasts
  4 orc warriors
  2 black bears (Lair:6)
  An ogre (D:9)
  8 wolves
  3 bullfrogs
  A crimson imp (D:12)
  A jelly (Lair:6)
  8 orcs
81 creatures vanquished.

Vanquished Creatures (others)
  2 humans (D:12)
  An orc (Orc:2)
  14 fungi
  17 plants (Lair:6)
34 creatures vanquished.

Grand Total: 814 creatures vanquished

Notes
Turn   | Place    | Note
-------+----------+-------------------------------------------
     0 | D:1      | mortelune the Gnoll Fire Elementalist began the quest for
                  | the Orb.
     0 | D:1      | Reached XP level 1. HP: 13/13 MP: 6/6
   549 | D:1      | Reached XP level 2. HP: 19/19 MP: 4/7
   622 | D:1      | Found a shattered altar of Ashenzari.
   631 | D:1      | Became a worshipper of Ashenzari the Shackled
   838 | D:1      | Learned a level 2 spell: Throw Flame
  1466 | D:2      | Reached XP level 3. HP: 25/25 MP: 5/9
  1531 | D:2      | Reached skill level 5 in Spellcasting
  2173 | D:2      | Reached skill level 1 in Invocations
  2494 | D:2      | Found a hazy altar of Hepliaklqana.
  2681 | D:2      | Learned a level 3 spell: Conjure Flame
  2724 | D:3      | Noticed an ogre
  2737 | D:2      | Killed an ogre
  2737 | D:2      | Reached skill level 1 in Fighting
  2737 | D:2      | Reached skill level 1 in Short Blades
  2737 | D:2      | Reached skill level 1 in Long Blades
  2737 | D:2      | Reached skill level 1 in Axes
  2737 | D:2      | Reached skill level 1 in Maces & Flails
  2737 | D:2      | Reached skill level 1 in Polearms
  2737 | D:2      | Reached skill level 1 in Staves
  2737 | D:2      | Reached skill level 1 in Slings
  2737 | D:2      | Reached skill level 1 in Bows
  2737 | D:2      | Reached skill level 1 in Crossbows
  2737 | D:2      | Reached skill level 1 in Throwing
  2737 | D:2      | Reached skill level 1 in Armour
  2737 | D:2      | Reached skill level 1 in Shields
  2737 | D:2      | Reached skill level 1 in Unarmed Combat
  2737 | D:2      | Reached skill level 1 in Hexes
  2737 | D:2      | Reached skill level 1 in Charms
  2737 | D:2      | Reached skill level 1 in Summonings
  2737 | D:2      | Reached skill level 1 in Necromancy
  2737 | D:2      | Reached skill level 1 in Translocations
  2737 | D:2      | Reached skill level 1 in Transmutations
  2737 | D:2      | Reached skill level 1 in Ice Magic
  2737 | D:2      | Reached skill level 1 in Air Magic
  2737 | D:2      | Reached skill level 1 in Earth Magic
  2737 | D:2      | Reached skill level 1 in Poison Magic
  2737 | D:2      | Reached skill level 1 in Evocations
  2737 | D:2      | Reached XP level 4. HP: 24/32 MP: 1/11
  2737 | D:2      | Reached XP level 5. HP: 28/37 MP: 1/12
  3684 | D:3      | Noticed Robin
  3847 | D:3      | Found a sacrificial altar of Ru.
  3886 | D:3      | Reached XP level 6. HP: 38/44 MP: 6/13
  3903 | D:3      | Noticed Natasha
  3910 | D:3      | Killed Natasha
  3919 | D:2      | Learned a level 4 spell: Sticky Flame
  4311 | D:3      | Killed Robin
  4681 | D:3      | Noticed Natasha
  4683 | D:3      | Killed Natasha
  4735 | D:4      | Noticed a phantom
  4746 | D:4      | Reached skill level 5 in Dodging
  4978 | D:4      | Reached XP level 7. HP: 20/50 MP: 6/15
  5128 | D:4      | Found a sparkling altar of Nemelex Xobeh.
  5191 | D:5      | Entered Level 5 of the Dungeon
  5280 | D:5      | Reached skill level 5 in Stealth
  5357 | D:4      | Reached * piety under Ashenzari
  5379 | D:4      | Reached XP level 8. HP: 35/57 MP: 1/16
  5487 | D:4      | Found a glowing drain.
  5491 | Sewer    | Entered a sewer
  6282 | Sewer    | Found a burning altar of Makhleb.
  6711 | Sewer    | Noticed Grinder
  6736 | Sewer    | Killed Grinder
  7594 | D:4      | Found a glowing golden altar of the Shining One.
  8260 | D:4      | Reached XP level 9. HP: 65/65 MP: 7/18
  8656 | D:5      | Found a staircase to the Ecumenical Temple.
  8788 | D:5      | Noticed Prince Ribbit
  8795 | D:5      | Killed Prince Ribbit
  8944 | D:5      | Noticed Eustachio
  8952 | D:5      | Killed Eustachio
  9679 | D:6      | Noticed Sigmund
  9685 | D:6      | Killed Sigmund
 10500 | D:7      | Reached skill level 5 in Invocations
 10771 | D:7      | Reached XP level 10. HP: 73/73 MP: 8/20
 11870 | D:7      | Found a shimmering blue altar of Sif Muna.
 12044 | D:7      | Reached skill level 5 in Fighting
 12044 | D:7      | Reached skill level 5 in Short Blades
 12044 | D:7      | Reached skill level 5 in Long Blades
 12044 | D:7      | Reached skill level 5 in Axes
 12044 | D:7      | Reached skill level 5 in Maces & Flails
 12044 | D:7      | Reached skill level 5 in Polearms
 12044 | D:7      | Reached skill level 5 in Staves
 12044 | D:7      | Reached skill level 5 in Slings
 12044 | D:7      | Reached skill level 5 in Bows
 12044 | D:7      | Reached skill level 5 in Crossbows
 12044 | D:7      | Reached skill level 5 in Throwing
 12044 | D:7      | Reached skill level 5 in Armour
 12044 | D:7      | Reached skill level 5 in Shields
 12044 | D:7      | Reached skill level 5 in Unarmed Combat
 12044 | D:7      | Reached skill level 5 in Evocations
 12450 | D:7      | Learned a level 4 spell: Summon Lightning Spire
 12695 | D:8      | Found a white marble altar of Elyvilon.
 13019 | D:8      | Found a shimmering altar of Xom.
 13330 | D:8      | Found a shadowy altar of Dithmenos.
 13630 | D:8      | Found a runed translucent door.
 13630 | D:8      | Noticed Iamsoldier's ghost (novice GnSk)
 13677 | D:8      | Reached ** piety under Ashenzari
 13682 | D:8      | Found a bloodstained altar of Trog.
 13888 | D:9      | Got the cursed mace "Usiqa" {holy, Dex+4}
 13903 | D:8      | Identified the cursed +2 mace "Usiqa" {holy, Dex+4} (You
                  | found it on level 9 of the Dungeon)
 14042 | D:9      | Reached skill level 5 in Conjurations
 15107 | D:9      | Noticed Psyche
 15113 | D:9      | Killed Psyche
 15175 | D:9      | Found a staircase to the Orcish Mines.
 15177 | D:9      | Noticed Erica
 15187 | D:9      | Killed Erica
 15187 | D:9      | Reached XP level 11. HP: 68/81 MP: 6/22
 16005 | D:9      | Found a stormy altar of Qazlal.
 16072 | D:10     | Entered Level 10 of the Dungeon
 16507 | D:10     | Noticed Harold
 16520 | D:10     | Killed Harold
 16520 | D:10     | Reached skill level 5 in Hexes
 16520 | D:10     | Reached skill level 5 in Charms
 16520 | D:10     | Reached skill level 5 in Summonings
 16520 | D:10     | Reached skill level 5 in Necromancy
 16520 | D:10     | Reached skill level 5 in Translocations
 16520 | D:10     | Reached skill level 5 in Transmutations
 16520 | D:10     | Reached skill level 5 in Ice Magic
 16520 | D:10     | Reached skill level 5 in Air Magic
 16520 | D:10     | Reached skill level 5 in Earth Magic
 16520 | D:10     | Reached skill level 5 in Poison Magic
 16654 | D:10     | Noticed a centaur warrior
 16666 | D:10     | Killed a centaur warrior
 17052 | D:11     | Learned a level 5 spell: Fireball
 17432 | D:11     | Noticed a death yak
 17447 | D:11     | Noticed a death yak
 17454 | D:11     | Noticed a death yak
 17464 | D:11     | Noticed a death yak
 17466 | D:11     | Killed a death yak
 17466 | D:11     | Noticed a death yak
 17468 | D:11     | Noticed a death yak
 17731 | D:11     | Killed a death yak
 17731 | D:11     | Killed a death yak
 18235 | D:11     | Found a staircase to the Lair.
 18259 | D:11     | Noticed a white ugly thing
 18305 | D:10     | Killed a white ugly thing
 18605 | D:10     | Killed a death yak
 18605 | D:10     | Reached XP level 12. HP: 53/89 MP: 7/24
 18782 | D:11     | Killed a death yak
 18787 | D:11     | Killed a death yak
 20471 | Lair:1   | Entered Level 1 of the Lair of Beasts
 20492 | Lair:1   | Noticed a four-headed hydra
 20499 | Lair:1   | Killed a four-headed hydra
 20659 | Lair:1   | Reached *** piety under Ashenzari
 22264 | Lair:2   | Noticed Sonja
 22267 | Lair:2   | Killed Sonja
 23516 | Lair:2   | Found a staircase to the Shoals.
 23713 | Lair:3   | Reached **** piety under Ashenzari
 23721 | Lair:3   | Reached XP level 13. HP: 87/98 MP: 7/26
 26086 | Lair:4   | Found a hole to the Spider Nest.
 26187 | Lair:4   | Found a frozen archway.
 26187 | Lair:4   | Noticed an ice dragon
 26197 | Lair:4   | Killed an ice dragon
 26248 | IceCv    | Entered an ice cave
 27504 | IceCv    | Identified the ring of Departure {rC+ SInv}
 27727 | Lair:4   | Noticed Josephine
 27742 | Lair:4   | Killed Josephine
 28095 | Lair:4   | Learned a level 6 spell: Freezing Cloud
 29779 | Lair:5   | Reached skill level 10 in Spellcasting
 30347 | Lair:6   | Entered Level 6 of the Lair of Beasts
 30355 | Lair:6   | Reached XP level 14. HP: 106/106 MP: 4/28
 31025 | Lair:6   | Reached skill level 10 in Dodging
 31605 | Lair:6   | Found a staircase to the Slime Pits.
 32604 | Lair:6   | Reached ***** piety under Ashenzari
 32694 | Lair:6   | Reached skill level 10 in Stealth
 33723 | Lair:6   | Reached skill level 10 in Invocations
 34973 | Lair:6   | Found a runed translucent door.
 34982 | Lair:6   | Noticed Urug
 34989 | Lair:6   | Killed Urug
 36093 | Lair:6   | Noticed Nessos
 36102 | Lair:6   | Killed Nessos
 36786 | D:12     | Reached XP level 15. HP: 107/114 MP: 10/29
 36983 | D:12     | Noticed Kirke
 36994 | D:12     | Killed Kirke
 38760 | D:13     | Learned a level 6 spell: Iron Shot
 39837 | Orc:1    | Entered Level 1 of the Orcish Mines
 40583 | Orc:1    | Paralysed by an orc sorcerer for 2 turns
 40585 | Orc:1    | Reached skill level 10 in Fire Magic
 40718 | Orc:1    | Found a roughly hewn altar of Beogh.
 41066 | Orc:2    | Entered Level 2 of the Orcish Mines
 41482 | Orc:2    | Reached skill level 10 in Fighting
 41482 | Orc:2    | Reached skill level 10 in Short Blades
 41482 | Orc:2    | Reached skill level 10 in Long Blades
 41482 | Orc:2    | Reached skill level 10 in Axes
 41482 | Orc:2    | Reached skill level 10 in Maces & Flails
 41482 | Orc:2    | Reached skill level 10 in Polearms
 41482 | Orc:2    | Reached skill level 10 in Staves
 41482 | Orc:2    | Reached skill level 10 in Slings
 41482 | Orc:2    | Reached skill level 10 in Bows
 41482 | Orc:2    | Reached skill level 10 in Crossbows
 41482 | Orc:2    | Reached skill level 10 in Throwing
 41482 | Orc:2    | Reached skill level 10 in Armour
 41482 | Orc:2    | Reached skill level 10 in Shields
 41482 | Orc:2    | Reached skill level 10 in Unarmed Combat
 41482 | Orc:2    | Reached skill level 10 in Evocations
 41997 | Orc:2    | Found a roughly hewn altar of Beogh.
 42412 | Orc:2    | Noticed Donald
 42427 | Orc:2    | Slain by Donald

Levels and vault maps discovered:
D:1:      psy_arrival_terrarium, layout_basic, corexii_item_surrounded_by_moat,
          evilmike_ruin_ashenzari
D:2:      layout_basic, lemuel_coloured_pillars_altar, minmay_pentomino_pile
D:3:      layout_loops_ring, first_ration, nicolae_ru_sacrificial_ziggurat,
          uniq_natasha, uniq_robin
D:4:      minmay_octagon_keep, layout_loops_cross,
          nicolae_overflow_crystal_walls, overflow_temple_1_default,
          gup_sewer_entry_spiral
D:5:      layout_rooms, temple_hall, lightli_corner_chamber, uniq_eustachio,
          uniq_prince_ribbit1
D:6:      minmay_recursive_quarters, layout_loops_ring, uniq_sigmund
D:7:      layout_loops_corners, kennysheep_little_box
D:8:      layout_gridville, grunt_dithmenos_smoke, elyvilon_altar_4,
          kennysheep_mini, kennysheep_mini_moat, gammafunk_ghost_grave
D:9:      layout_long_grid, nicolae_qazlal_eye_of_the_storm, orc_0_dummy,
          uniq_psyche, uniq_erica
D:10:     layout_long_grid, uniq_harold
D:11:     nicolae_whirlpool, layout_loops_ring, dpeg_lair_monsters,
          hangedman_fish_farm
D:12:     layout_rooms, uniq_kirke
D:13:     layout_loops_ring
Lair:1:   statuecave_lemuel, layout_hall_layers, grunt_megastairs_3
Lair:2:   layout_misc_corridors, elwin_shoals_entry_rooms,
          infiniplex_staircase_pool_2, minmay_lair_oklob_chamber,
          lemuel_fruit_tree, uniq_sonja
Lair:3:   layout_regular_city
Lair:4:   layout_roguey, dummy_spider_entry,
          portal_ice_cave_entry_animals_and_master, minmay_lair_oklob_bushes,
          uniq_josephine
Lair:5:   layout_misc_corridors, roderic_batcave, grunt_megastairs_1
Lair:6:   wormcave, layout_cave_pods, hangedman_lair_caniforms_friends,
          minmay_slime_entry_jelly_boxes, minivault_23, uniq_nessos, uniq_urug
Orc:1:    layout_caves, basic_altar
Orc:2:    st_orc_town, layout_caves, uniq_donald

Skill      XL: |  1  2  3  4  5  6  7  8  9 10 11 12 13 14 15 |
---------------+----------------------------------------------+-----
Conjurations   | 2 3 4 5 6 7 8 |  8.7
Spellcasting   | 5 6 7 8 9 10 11 | 11.1
Invocations    | 1 2 3 4 5 6 7 8 9 10 | 10.8
Fighting       | 1 2 3 4 5 6 7 8 9 10 | 10.0
Short Blades   | 1 2 3 4 5 6 7 8 9 10 | 10.0
Long Blades    | 1 2 3 4 5 6 7 8 9 10 | 10.0
Axes           | 1 2 3 4 5 6 7 8 9 10 | 10.0
Maces & Flails | 1 2 3 4 5 6 7 8 9 10 | 10.0
Polearms       | 1 2 3 4 5 6 7 8 9 10 | 10.0
Staves         | 1 2 3 4 5 6 7 8 9 10 | 10.0
Slings         | 1 2 3 4 5 6 7 8 9 10 | 10.0
Bows           | 1 2 3 4 5 6 7 8 9 10 | 10.0
Crossbows      | 1 2 3 4 5 6 7 8 9 10 | 10.0
Throwing       | 1 2 3 4 5 6 7 8 9 10 | 10.0
Armour         | 1 2 3 4 5 6 7 8 9 10 | 10.0
Shields        | 1 2 3 4 5 6 7 8 9 10 | 10.0
Unarmed Combat | 1 2 3 4 5 6 7 8 9 10 | 10.0
Hexes          | 1 2 3 4 5 6 7 8 |  8.4
Charms         | 1 2 3 4 5 6 7 8 |  8.4
Summonings     | 1 2 3 4 5 6 7 8 |  8.4
Necromancy     | 1 2 3 4 5 6 7 8 |  8.4
Translocations | 1 2 3 4 5 6 7 8 |  8.4
Transmutations | 1 2 3 4 5 6 7 8 |  8.4
Ice Magic      | 1 2 3 4 5 6 7 8 |  8.4
Air Magic      | 1 2 3 4 5 6 7 8 |  8.4
Earth Magic    | 1 2 3 4 5 6 7 8 |  8.4
Poison Magic   | 1 2 3 4 5 6 7 8 |  8.4
Evocations     | 1 2 3 4 5 6 7 8 9 10 | 10.0
Dodging        | 5 6 7 8 9 10 11 | 11.0
Stealth        | 5 6 7 8 9 10 | 10.8
Fire Magic     | 6 7 8 9 10 | 10.1

Action                   |  1- 3 |  4- 6 |  7- 9 | 10-12 | 13-15 || total
-------------------------+-------+-------+-------+-------+-------++-------
Melee: Spear             |    17 |     5 |       |       |       ||    22
       Bite              |     3 |     3 |     9 |    15 |    70 ||   100
       Short sword       |       |     9 |    87 |       |       ||    96
       Halberd           |       |       |    26 |    92 |   253 ||   371
       Scimitar          |       |       |       |    25 |   216 ||   241
       Punch             |       |       |       |     1 |     1 ||     2
 Cast: Flame Tongue      |    33 |    53 |   193 |   179 |   180 ||   638
       Throw Flame       |    33 |    51 |   109 |   275 |   271 ||   739
       Conjure Flame     |     1 |     1 |     2 |     6 |     7 ||    17
       Sticky Flame      |       |     1 |    13 |    42 |    99 ||   155
       Summon Lightning  |       |       |       |    16 |    47 ||    63
       Fireball          |       |       |       |    23 |   117 ||   140
       Freezing Cloud    |       |       |       |       |    39 ||    39
       Iron Shot         |       |       |       |       |     8 ||     8
Invok: Curse Item        |       |     1 |       |     1 |     1 ||     3
 Abil: Evoke Flight      |       |       |       |     1 |       ||     1
Evoke: Wand              |       |       |       |       |     1 ||     1
  Use: Potion            |       |       |     3 |     1 |     5 ||     9
       Scroll            |       |       |       |    22 |     9 ||    31
 Stab: Sleeping          |       |       |     2 |       |       ||     2
       Distracted        |       |       |       |     2 |    10 ||    12
       Petrified         |       |       |       |       |     3 ||     3
  Eat: Chunk             |     6 |     7 |    15 |    38 |    54 ||   120
       Ration            |       |       |     2 |     4 |    15 ||    21
Armor: Robe              |     7 |     6 |    42 |    16 |   107 ||   178
       Ring mail         |       |       |    32 |    36 |    34 ||   102
       Ice dragon scales |       |       |       |       |    99 ||    99
Dodge: Dodged            |    25 |    32 |   220 |   202 |   694 ||  1173
Block: Buckler           |       |       |       |       |    83 ||    83
       Rpst.: Scimitar   |       |       |       |    14 |    71 ||    85
